 Dungeon Crawl Stone Soup version 0.31-a0-222-gefeffbb62a (webtiles) character file.

Game seed: 14478630375370010052

128 qw the Shooter (level 5, -2/30 HPs)
             Began as a Gargoyle Hexslinger on July 5, 2023.
             Slain by an ice beast (12 damage)
             ... on level 3 of the Dungeon.
             The game lasted 00:01:01 (2084 turns).

qw the Shooter (Gargoyle Hexslinger)                Turns: 2084, Time: 00:01:01

Health: -2/30      AC: 10    Str: 12    XL:     5   Next: 11%
Magic:  6/6        EV: 10    Int: 13    God:
Gold:   37         SH:  0    Dex: 14    Spells: 5/6 levels left

rFire   . . .        Y - +1 sling
rCold   . . .        (no shield)
rNeg    + . .        h - +0 ring mail
rPois   inf          f - +0 helmet
rElec   +            (no cloak)
rCorr   .            (no gloves)
SInv    .            (no boots)
Will    .....        (no amulet)
Stlth   +            (no ring)
HPRegen 0.25/turn    (no ring)
MPRegen 0.10/turn

%: no passive effects
@: no status effects
A: sickness immunity, AC +4, negative energy resistance 1, electricity
resistance, torment resistance 1, petrification resistance
a: no special abilities


You were on level 3 of the Dungeon.
You visited 1 branch of the dungeon, and saw 3 of its levels.

You collected 157 gold pieces.
You spent 120 gold pieces at shops.


Innate Abilities, Weirdness & Mutations

You are immune to sickness and miasma.
Your stone body is resilient. (AC +4)
You are immune to poison.
You resist negative energy. (rN+)
You are resistant to electric shocks. (rElec)
You are resistant to unholy torment.
You are immune to petrification.


   Skills:
 - Level 2.0 Fighting
 + Level 4.7 Ranged Weapons
 - Level 1.0 Armour
 - Level 1.5 Dodging
 - Level 1.0 Spellcasting
 - Level 2.6 Hexes


You had 5 spell levels left.
You knew the following spells:

 Your Spells              Type           Power      Damage    Failure   Level
a - Slow                  Hex            28%        N/A       22%         1

Your spell library contained the following spells:

 Spells                   Type           Power      Damage    Failure   Level
 Inner Flame              Hex/Fire       4%         N/A       73%         3
 Portal Projectile        Hex/Tloc       8%         N/A       73%         3
 Cause Fear               Hex            3%         N/A       91%         4

Inventory:

Hand Weapons
 Y - a +1 sling (weapon)
Armour
 f - a +0 helmet (worn)
 h - a +0 ring mail (worn)
 k - the +0 helmet "Xeal" {Fly}
   (You found it on level 3 of the Dungeon)

   Fly:       It grants you flight.
Scrolls
 a - a scroll of identify
 i - a scroll of teleportation
 n - a scroll of blinking {unknown}
Potions
 b - a potion of magic {unknown}
 c - 5 potions of curing
 d - a potion of heal wounds {unknown}
 e - a potion of mutation {unknown}
 g - a potion of brilliance {unknown}
 j - 2 potions of haste {unknown}
 l - a potion of berserk rage {unknown}
 m - a potion of lignification {unknown}

Dungeon Overview and Level Annotations

Branches:
Dungeon (3/15)

Altars:

Shops:
D:3 !


Message History

The sling bullet hits the ice beast but does no damage.
The ice beast is moderately wounded.
The ice beast closely misses you. The ice beast barely misses you.
You shoot a sling bullet.
The sling bullet hits the ice beast but does no damage.
The ice beast is moderately wounded.
The ice beast barely misses you.
You shoot a sling bullet.
The sling bullet barely misses the ice beast.
The ice beast hits you but does no damage.
You shoot a sling bullet. The sling bullet hits the ice beast.
The ice beast is heavily wounded.
The ice beast barely misses you.
You shoot a sling bullet. The sling bullet hits the ice beast.
The ice beast is heavily wounded.
The ice beast hits you but does no damage.
The ice beast hits you. The ice beast freezes you.
You shoot a sling bullet.
The sling bullet closely misses the ice beast.
The ice beast barely misses you.
You shoot a sling bullet.
The sling bullet barely misses the ice beast.
The ice beast hits you but does no damage.
You shoot a sling bullet.
The sling bullet closely misses the ice beast.
The ice beast hits you but does no damage. x2
You shoot a sling bullet. The sling bullet hits the ice beast.
The ice beast is heavily wounded.
The ice beast hits you. The ice beast freezes you!
You shoot a sling bullet. The sling bullet hits the ice beast.
The ice beast is heavily wounded.
The ice beast hits you but does no damage.
You shoot a sling bullet.
The sling bullet hits the ice beast but does no damage.
The ice beast is heavily wounded.
The ice beast hits you but does no damage.
You shoot a sling bullet. The sling bullet hits the ice beast.
The ice beast is severely wounded.
The ice beast hits you. The ice beast freezes you!
You die...

.......###########.#
#.#
.................#.#
#.#
################.#.#
#.# #.#.# #.# #.#.#
#.# #.#.# #.# #.#.#
#.# #.#.# #.# #@#.#
#.# #.....Y.#.# #.#
###########.# #.#
............# #.#
#####...##### #.#
#...# #.# ######...#
#.# #...##...#
####.# ###
#...##...# #....#


You could see an ice beast.

Vanquished Creatures
  3 gnolls (D:3)
  An adder (D:2)
  2 dart slugs
  7 orcs (D:3)
  2 ball pythons
  9 endoplasms
  2 giant cockroaches
  A goblin (D:3)
  10 hobgoblins
  7 jackals (D:1)
  10 kobolds
  2 quokkas
  4 bats
  4 frilled lizards
  7 rats
71 creatures vanquished.

Notes
Turn   | Place    | Note
-------+----------+-------------------------------------------
     0 | D:1      | qw the Gargoyle Hexslinger began the quest for the Orb.
     0 | D:1      | Reached XP level 1. HP: 12/12 MP: 2/2
     0 | D:1      | 0 ||| qw: Version: 0.3-a-46-gb1f654a
     0 | D:1      | 0 ||| qw: Game counter: 1080
     0 | D:1      | 0 ||| qw: Melee chars always use a shield: true
     0 | D:1      | 0 ||| qw: God list: Okawaru
     0 | D:1      | 0 ||| qw: Allow faded altars: false
     0 | D:1      | 0 ||| qw: Do Orc after clearing Dungeon:15 true
     0 | D:1      | 0 ||| qw: Do second Lair branch before Depths: true
     0 | D:1      | 0 ||| qw: Lair rune preference: random
     0 | D:1      | 0 ||| qw: Goals: Normal
     0 | D:1      | 0 ||| PLANNING D:1-11
     2 | D:1      | Noticed a spriggan
     2 | D:1      | Noticed a felid
     4 | D:1      | Noticed a meteoran
     6 | D:1      | Noticed a merfolk
     6 | D:1      | Noticed a ghoul
     8 | D:1      | Noticed an octopode
     8 | D:1      | Noticed a vampire
    10 | D:1      | Noticed a naga
    10 | D:1      | Noticed an elf
    12 | D:1      | Noticed a gargoyle
    12 | D:1      | Noticed an ogre
    14 | D:1      | Noticed a vine stalker
    16 | D:1      | Noticed an armataur
    16 | D:1      | Noticed a tengu
    18 | D:1      | Noticed a minotaur
    18 | D:1      | Noticed a formicid
    20 | D:1      | Noticed a troll
    20 | D:1      | Noticed a demigod
    22 | D:1      | Noticed a human
    22 | D:1      | Noticed a draconian
    24 | D:1      | Noticed a spriggan
    26 | D:1      | Noticed an elf
    26 | D:1      | Noticed an armataur
    37 | D:1      | 37 ||| FLEEEEING.
    39 | D:1      | 39 ||| FLEEEEING.
    40 | D:1      | 40 ||| FLEEEEING.
    41 | D:1      | 41 ||| FLEEEEING.
    42 | D:1      | 42 ||| FLEEEEING.
    43 | D:1      | 43 ||| FLEEEEING.
    69 | D:1      | Reached XP level 2. HP: 16/16 MP: 3/3
   194 | D:1      | Found a faded altar of an unknown god.
   212 | D:1      | Reached skill level 3 in Ranged Weapons
   415 | D:1      | Reached XP level 3. HP: 19/21 MP: 4/4
   718 | D:1      | 718 ||| UPGRADING to +0 helmet.
   723 | D:1      | 723 ||| READING scroll labelled XUOPTE BOUM.
   724 | D:1      | 724 ||| READING scroll labelled ETUTIM BOQU.
   725 | D:1      | 725 ||| READING scroll labelled TERPHOG UTESHYI.
   730 | D:1      | 730 ||| DROPPING scroll of poison.
   864 | D:2      | HP: 5/21 [frozen (3)]
  1091 | D:2      | Reached XP level 4. HP: 21/26 MP: 5/5
  1113 | D:2      | Reached skill level 4 in Ranged Weapons
  1226 | D:2      | 1226 ||| UPGRADING to +0 leather armour.
  1236 | D:2      | 1236 ||| DROPPING +0 robe.
  1237 | D:2      | 1237 ||| UPGRADING to +0 ring mail.
  1247 | D:2      | 1247 ||| DROPPING +0 leather armour.
  1248 | D:2      | 1248 ||| READING scroll labelled TUXEPUMAWEA.
  1422 | D:3      | Identified the +0 helmet "Xeal" {Fly}
  1452 | D:3      | Reached skill level 1 in Armour
  1465 | D:3      | Noticed an ice beast
  1466 | D:3      | 1466 ||| FLEEEEING.
  1676 | D:3      | Reached XP level 5. HP: 17/30 MP: 6/6
  1884 | D:3      | Found Erulyb's Distillery.
  1890 | D:3      | 1890 ||| BUYING potion of curing (30 gold).
  1890 | D:3      | Bought a potion of curing for 30 gold pieces
  1890 | D:3      | 1890 ||| BUYING potion of curing (30 gold).
  1890 | D:3      | Bought a potion of curing for 30 gold pieces
  1890 | D:3      | 1890 ||| BUYING potion of curing (30 gold).
  1890 | D:3      | Bought a potion of curing for 30 gold pieces
  1890 | D:3      | 1890 ||| BUYING potion of curing (30 gold).
  1890 | D:3      | Bought a potion of curing for 30 gold pieces
  1890 | D:3      | 1890 ||| SHOPLISTING potion of enlightenment (50 gold, have
                  | 37).
  2084 | D:3      | Slain by an ice beast

Levels and vault maps discovered:
D:1:      kb_arrival_jail, layout_basic, basic_ecumenical_altar,
          skrybe_limestone_x
D:2:      layout_rooms, minmay_liquid_box
D:3:      layout_basic, serial_shops, nicolae_shop_stone

Skill      XL: |  1  2  3  4 |
---------------+-------------+-----
Ranged Weapons | 3 4 |  4.7
Fighting       | 2 |  2.0
Armour         | 1 |  1.0
Dodging        | |  1.5
Spellcasting   | |  1.0
Hexes          | |  2.6

Action                     |  1- 3 |  4- 6 || total
---------------------------+-------+-------++-------
   Fire: Sling             |   141 |   117 ||   258
    Use: Scroll            |     3 |     1 ||     4
 Armour: Robe              |    31 |     1 ||    32
         Ring mail         |       |    31 ||    31
  Dodge: Dodged            |    39 |    37 ||    76

Table legend:
 A = Non-vault XP
 B = Vault XP
 C = Vault XP percentage of total XP
 D = Non-vault monster count
 E = Vault monster count
 F = Vault count percentage of total count
                 A         B        C        D         E       F
            +---------+---------+-------+---------+---------+-------
      Total |     183 |       0 |   0.0 |      71 |       0 |   0.0
            +---------+---------+-------+---------+---------+-------
        D:1 |      48 |       0 |   0.0 |      28 |       0 |   0.0
        D:2 |      47 |       0 |   0.0 |      21 |       0 |   0.0
        D:3 |      88 |       0 |   0.0 |      22 |       0 |   0.0
            +---------+---------+-------+---------+---------+-------
